 Dungeon Crawl Stone Soup version 0.32-a0-913-g739538afd8 (webtiles) character file.

Game seed: 2624130878653455860

99 horus123 the Trooper (level 4, 0/39 (40) HPs)
             Began as a Mountain Dwarf Warper on Apr 9, 2024.
             Slain by Crazy Yiuf
             ... wielding a +2 quarterstaff of chaos
              (3 damage)
             ... on level 2 of the Dungeon.
             The game lasted 00:03:16 (1822 turns).

horus123 the Trooper (Mountain Dwarf Warper)        Turns: 1822, Time: 00:03:16

HP:   0/39 (40)     AC:  5    Str: 13    XL:     4   Next: 45%
MP:   17/17         EV:  9    Int: 16    God:
Gold: 62            SH:  0    Dex:  9    Spells: 2/9 levels left

rFire   . . .        q - +0 hammer "Nihucs Kuhe" {freeze, MP+9}
rCold   . . .        (no shield)
rNeg    . . .        n - +0 ring mail
rPois   .            (no helmet)
rElec   .            (no cloak)
rCorr   .            (no gloves)
SInv    .            (no boots)
Will    .....        (no amulet) Stlth
                     (no ring)
HPRegen 0.26/turn    (no ring)
MPRegen 0.15/turn

%: no passive effects
@: lightly drained
A: runic magic, artefact enchanting
a: no special abilities


You were on level 2 of the Dungeon.
You visited 1 branch of the dungeon, and saw 2 of its levels.

You collected 62 gold pieces.

Inventory:

Hand Weapons
 q - the +0 hammer "Nihucs Kuhe" (weapon) {freeze, MP+9}
   (You found it on level 2 of the Dungeon)

   MP+9:      It affects your magic capacity (+9).
Missiles
 d - 7 darts of dispersal (quivered)
Armour
 n - a +0 ring mail (worn)
Scrolls
 b - 2 scrolls of revelation {unknown}
 c - a scroll of blinking
 f - a scroll of teleportation {unknown}
 i - a scroll of identify {unknown}
 k - a scroll of fog {unknown}
 m - a scroll of noise {unknown}
 o - a scroll of amnesia {unknown}
Potions
 e - a potion of degeneration {unknown}
 g - a potion of curing {unknown}
 h - a potion of might {unknown}
 j - a potion of lignification {unknown}
 l - a potion of cancellation {unknown}
 p - a potion of brilliance {unknown}


   Skills:
 - Level 4.0 Fighting
 - Level 2.4 Maces & Flails
 - Level 0.7 Throwing
 - Level 1.1 Armour
 - Level 1.3 Dodging
 + Level 3.0 Spellcasting
 - Level 2.4 Translocations


You had 2 spell levels left.
You knew the following spells:

 Your Spells              Type           Power      Damage    Failure   Level
a - Blink                 Tloc           20%        N/A       12%         2
b - Lesser Beckoning      Tloc           20%        N/A       12%         2
c - Maxwell's Portable P  Tloc           10%        2d(6-16)  24%         3

Your spell library contained the following spells:

 Spells                   Type           Power      Damage    Failure   Level
 Teleport Other           Tloc           10%        N/A       24%         3
 Vhi's Electric Charge    Tloc/Air       12%        N/A       80%         4


Dungeon Overview and Level Annotations

Branches:
Dungeon (2/15)

Altars:

Shops:
D:2 (

Annotations:
D:2 Crazy Yiuf


Innate Abilities, Weirdness & Mutations

Your spellcasting is much less encumbered by armour.
You can use scrolls of enchantment on lesser artefacts.


Message History

You kill the hobgoblin!
No target in view!
No target in view!
No target in view!
No target in view!
No target in view!
Found a hammer.
You see here the +0 hammer "Nihucs Kuhe" {freeze, MP+9}.
q - the +0 hammer "Nihucs Kuhe" {freeze, MP+9} The +0 hammer "Nihucs Kuhe" {freeze, MP+9} glows with a cold blue light!
q - the +0 hammer "Nihucs Kuhe" (weapon)
{freeze, MP+9} You drop a +0 mace.
You see here a +0 hammer.
Found two hammers.
Found a runed translucent door.
You start resting.
Magic restored.
Found a hammer.
Crazy Yiuf shouts!
Found a hammer.
You open the door.
Crazy Yiuf whimpers, "Hah!"
You barely miss Crazy Yiuf. Crazy Yiuf misses you.
You closely miss Crazy Yiuf.
Crazy Yiuf hits you with a +2 quarterstaff of chaos!
You are electrocuted!
Crazy Yiuf grits, "Cake Hive shoe!"
Crazy Yiuf hits you with a +2 quarterstaff of chaos!
Crazy Yiuf burns you.
* * * LOW HITPOINT WARNING * * *
Okay, then.
You hit Crazy Yiuf but do no damage.
Crazy Yiuf hits you with a +2 quarterstaff of chaos.
* * * LOW HITPOINT WARNING * * *
You feel drained.
* * * LOW HITPOINT WARNING * * *
You hit Crazy Yiuf. You freeze Crazy Yiuf.
Crazy Yiuf is moderately wounded.
Crazy Yiuf laughs, "Shadow!"
Crazy Yiuf hits you with a +2 quarterstaff of chaos.
You die...

##..#####
#....#
♣....♣
#########
♣)..♣♣
#.......#
♣♣)♣♣
#.####.##
♣.♣♣
#.......#
♣♣.♣
##.####.##
♣.♣♣
##########
#........#
♣♣@♣
#........#
#........#
#g#
#.######.#
#..#.....#
... ###
#.#
#........#
#)))# #.#
#.##.....#
#..)# #.#
#.##.....#
##### #.#
#.##.....#
#.#
#.###..###
#######
#.###
#.^....###
##....[##
#....


You could see Crazy Yiuf.

Vanquished Creatures
  Jessica (D:2)
  Robin (D:2)
  2 adders (D:2)
  A dart slug (D:1)
  A ribbon worm (D:2)
  2 endoplasms
  5 giant cockroaches
  2 hobgoblins
  3 jackals (D:2)
  A ball python (D:2)
  3 bats
  A frilled lizard (D:1)
  11 goblins
  3 kobolds
  2 rats
39 creatures vanquished.

Notes
Turn   | Place    | Note
-------+----------+-------------------------------------------
     0 | D:1      | horus123 the Mountain Dwarf Warper began the quest for the
                  | Orb.
     0 | D:1      | Reached XP level 1. HP: 17/17 MP: 3/3
   114 | D:1      | Reached skill level 3 in Fighting
   164 | D:1      | Reached XP level 2. HP: 26/26 MP: 4/4
   598 | D:1      | HP: 1/27 [poisoned by an adder]
   729 | D:2      | Learned a level 2 spell: Blink
   732 | D:2      | Learned a level 2 spell: Lesser Beckoning
   751 | D:2      | Reached skill level 4 in Fighting
   751 | D:2      | Reached XP level 3. HP: 24/33 MP: 5/5
  1357 | D:2      | Noticed Robin
  1423 | D:2      | Killed Robin
  1424 | D:2      | Reached XP level 4. HP: 13/39 MP: 7/7
  1557 | D:2      | Noticed Jessica
  1564 | D:2      | Killed Jessica
  1591 | D:2      | Learned a level 3 spell: Maxwell's Portable Piledriver
  1627 | D:2      | Found Oregguna's Weapon Shoppe.
  1753 | D:2      | Identified the +0 hammer "Nihucs Kuhe" {freeze, MP+9}
  1758 | D:2      | Found a runed translucent door.
  1815 | D:2      | Noticed Crazy Yiuf
  1822 | D:2      | Slain by Crazy Yiuf

Illustrated notes

Levels and vault maps discovered:
D:1:      heliophobic_arrival_ceremonial_halls, layout_rooms, minmay_cupped
D:2:      layout_loops_corners, serial_shops, nicolae_shop_tiny_glass,
          uniq_jessica, uniq_robin, uniq_terence, uniq_crazy_yiuf_cottage

Skill      XL: |  1  2  3  4 |
---------------+-------------+-----
Fighting       | 3 4 |  4.0
Spellcasting   | 2 3 |  3.0
Maces & Flails | |  2.4
Throwing       | |  0.7
Armour         | |  1.1
Dodging        | |  1.3
Translocations | |  2.4

Action                     |  1- 3 |  4- 6 || total
---------------------------+-------+-------++-------
  Melee: Mace              |   102 |    35 ||   137
 Armour: Leather armour    |    56 |       ||    56
         Ring mail         |    28 |    28 ||    56
  Dodge: Dodged            |    56 |    15 ||    71

Table legend: (Time is in decaauts)
 A = Elapsed time spent in this place.
 B = Non-inter-level travel time spent in this place.
 C = Inter-level travel time spent in this place.
 D = Time resting spent in this place.
 E = Time spent auto-exploring this place.
 F = Levels seen in this place.
 G = Mean time per level.
                   A        B        C        D        E       F      G
               +--------+--------+--------+--------+--------+-----+--------+
         Total |   1859 |   1845 |     14 |    413 |   1048 |   2 |  929.5 |
       Dungeon |   1859 |   1845 |     14 |    413 |   1048 |   2 |  929.5 |
               +--------+--------+--------+--------+--------+-----+--------+

Top non-repeatable levels by time:
     D:2: 1154 daAuts
     D:1: 705 daAuts
